Wolves vs Patriotes
(R1)
Created - 10 septembre 2014 at 19:30
Simulating a Pre-Season
Goals
|
Wolves |
1 |
0 |
3 |
4 |
Patriotes |
1 |
0 |
1 |
2 |
|
Shots
|
Wolves |
9 |
10 |
12 |
31 |
Patriotes |
10 |
12 |
4 |
26 |
|
1st period
1. Patriotes , T.J Galiardi 3 (Christian Hanson, Lauri Tukonen) at 6:00
2. Wolves , Dan Fritsche 3 (Milan Bartovic) at 18:03
Penalties :
Cory Emmerton (Nyc) for High sticking (Minor) at 12:46, Marc Methot (Min) for Elbowing (Minor) at 19:01
2nd period
No Goal
Penalties :
Marc Methot (Min) for Holding (Minor) at 3:10, Geoff Paukovich (Min) for High sticking (Minor) at 6:45, A.J Thelen (Nyc) for Fighting (Major) at 10:58, Bruno Gervais (Min) for Fighting (Major) at 10:58, Bruno Gervais (Min) for instigated a fight (Minor) at 10:58, Bruno Gervais (Min) for instigated a fight (10 Minutes Misconduct) at 10:58
3rd period
3. Patriotes , T.J Galiardi 4 (Lauri Tukonen, Christian Hanson) at 3:18
4. Wolves , Chris Neil 1 (Mike Zigomanis, Mike Sislo) at 3:32
5. Wolves , Milan Bartovic 2 (Dan Fritsche, Bruno Gervais) at 5:54
6. Wolves , Dan Fritsche 4 (Jonathan Rheault, Tim Crowder) at 19:26
Penalties :
Marc Methot (Min) for Tripping (Minor) at 0:40, Joe Charlebois (Nyc) for Hooking (Minor) at 8:44
Goalie Stats
Jamie Storr (Min), 24 saves from 26 shots - (0,923), W, 3-0-0, 60:00 minutes
Joey MacDonald (Nyc), 27 saves from 31 shots - (0,871), L, 0-2-1, 60:00 minutes
Players Stats for Wolves
Player Name G A P +/- PIM S H SB GA TA FO MP PP MP PK MP
------------------------------------------------------------------------------------
Bruno Gervais 0 1 1 0 17 0 2 1 0 2 0/0 19:48 2:03 2:01
Carl Klingberg 0 0 0 0 0 2 1 0 0 0 0/0 9:12 0:18 1:28
Chris Neil 1 0 1 0 0 3 1 2 1 1 0/0 17:06 1:56 0:00
Chris Terry 0 0 0 0 0 0 1 0 0 0 0/0 9:13 0:00 0:00
Dan Fritsche 2 1 3 2 0 3 3 0 0 0 4/12 18:11 1:44 2:17
Dmitry Kulikov 0 0 0 0 0 2 1 3 1 0 0/0 21:04 1:55 0:16
Geoff Paukovich 0 0 0 1 2 1 3 0 0 0 1/1 13:45 0:00 0:00
Jonathan Rheault 0 1 1 1 0 2 2 0 0 1 0/0 10:37 0:00 3:01
Kevin Veilleux 0 0 0 0 0 1 4 0 0 0 2/5 12:46 0:08 5:07
Marc Methot 0 0 0 0 6 0 1 1 0 0 0/0 19:41 0:03 1:40
Matt Gilroy 0 0 0 0 0 1 3 1 2 1 0/0 20:39 1:52 3:41
Mike Sislo 0 1 1 0 0 3 2 1 0 0 1/3 16:42 1:44 0:00
Mike Zigomanis 0 1 1 0 0 2 2 0 0 0 10/22 17:04 2:06 0:00
Milan Bartovic 1 1 2 1 0 3 2 0 0 0 0/0 13:57 0:18 0:00
Nate Guenin 0 0 0 2 0 2 0 1 0 0 0/0 20:02 2:03 6:14
Nathan Davis 0 0 0 0 0 4 2 0 3 0 7/8 16:46 1:56 4:56
Tim Crowder 0 1 1 1 0 0 1 0 1 0 0/1 14:37 1:44 3:01
Willie Mitchell 0 0 0 2 0 2 2 0 0 1 0/0 18:50 0:00 5:58
Players Stats for Patriotes
Player Name G A P +/- PIM S H SB GA TA FO MP PP MP PK MP
------------------------------------------------------------------------------------
A.J Thelen 0 0 0 -1 5 0 3 1 0 3 0/0 24:47 4:27 2:22
Andreas Nodl 0 0 0 -2 0 5 0 0 0 0 2/2 21:11 5:17 2:00
Andrew Gordon 0 0 0 -2 0 1 2 0 0 0 0/0 18:08 4:36 0:14
Christian Hanson 0 2 2 1 0 1 3 0 0 0 3/5 13:10 1:58 1:39
Cory Emmerton 0 0 0 -1 2 3 5 0 0 1 5/9 16:51 3:58 0:00
Fedor Fedorov 0 0 0 -1 0 2 1 0 1 0 0/0 17:22 3:58 0:31
Jared Staal 0 0 0 0 0 0 0 0 0 0 0/0 0:00 0:00 0:00
Joakim Andersson 0 0 0 0 0 0 0 0 0 0 0/0 0:00 0:00 0:00
Joe Charlebois 0 0 0 -2 2 0 2 1 1 0 0/0 19:30 4:31 0:40
Jordan Samuels-Thomas 0 0 0 0 0 0 1 0 0 0 0/0 6:15 0:42 1:27
Lauri Tukonen 0 2 2 1 0 0 0 0 0 0 2/2 10:46 0:02 1:39
Liam Reddox 0 0 0 0 0 2 0 0 0 1 0/0 10:29 0:00 0:00
Mathieu Brodeur 0 0 0 -1 0 0 0 0 0 0 0/0 5:42 0:00 0:16
Nigel Williams 0 0 0 1 0 0 1 0 0 0 0/0 12:33 0:00 0:40
Patrice Cormier 0 0 0 0 0 3 0 0 1 0 6/9 10:56 0:00 0:26
Ryan White 0 0 0 0 0 0 0 0 0 0 0/0 0:00 0:00 0:00
Ryan Wilson 0 0 0 0 0 0 1 0 0 1 0/0 23:43 5:45 2:22
Sami Vatanen 0 0 0 1 0 1 1 0 0 0 0/0 12:53 0:57 0:00
T.J Galiardi 2 0 2 0 0 4 5 0 2 0 0/2 20:06 4:02 0:00
Timothy Kunes 0 0 0 -2 0 1 2 0 0 0 0/0 20:51 4:10 1:36
Tomas Kurka 0 0 0 0 0 0 0 0 0 0 0/0 1:03 0:00 0:00
Zack Stortini 0 0 0 0 0 1 1 0 0 2 0/0 10:29 0:00 0:00
Zenon Konopka 0 0 0 -2 0 2 1 1 1 0 9/23 19:14 5:12 0:00
3 Stars
1 - Dan Fritsche (Min)
2 - T.J Galiardi (Nyc)
3 - Milan Bartovic (Min)
Power Play
Wolves - 0 on 2 Attempt(s) - 0,00%
Patriotes - 0 on 5 Attempt(s) - 0,00%
Penalty Kill
Wolves - 5 on 5 Attempt(s) - 100,00%
- Score 0 goal in Penalty Kill
Patriotes - 2 on 2 Attempt(s) - 100,00%
- Score 0 goal in Penalty Kill
Official
Referees : Hasenfratz Mike and Dwyer Gord
Linesman : Mark Wheler and Lyle Seitz
Game Notes
Tomas Kurka is injured at 3:09 of 1st period (Right Knee)
A.J Thelen and Bruno Gervais fight to a draw at 10:58 of 2nd period
3:32 of 3rd period - Wolves goal is going for a video replay. After video review, Goal.
Wolves
5 vs 5 Forward
Center Left Wing Right Wing Time % Phy DF OF
1 Mike Zigomanis Mike Sislo Chris Neil 40 1 1 3
2 Dan Fritsche Geoff Paukovich Milan Bartovic 30 0 1 4
3 Nathan Davis Chris Terry Tim Crowder 20 1 1 3
4 Kevin Veilleux Carl Klingberg Jonathan Rheault 10 2 2 1
5 vs 5 Defense
Defense Defense Time % Phy DF OF
1 Bruno Gervais Dmitry Kulikov 40 1 3 1
2 Marc Methot Matt Gilroy 30 1 3 1
3 Willie Mitchell Nate Guenin 20 1 3 1
4 Bruno Gervais Dmitry Kulikov 10 1 3 1
PowerPlay Forward
Center Left Wing Right Wing Time % Phy DF OF
1 Mike Zigomanis Nathan Davis Chris Neil 60 0 0 5
2 Dan Fritsche Mike Sislo Tim Crowder 40 0 0 5
PowerPlay Defense
Defense Defense Time % Phy DF OF
1 Bruno Gervais Nate Guenin 60 0 2 3
2 Dmitry Kulikov Matt Gilroy 40 0 2 3
Penalty Kill 4 Players Forward
Center Wing Time % Phy DF OF
1 Nathan Davis Kevin Veilleux 60 1 3 1
2 Jonathan Rheault Tim Crowder 40 1 3 1
Penalty Kill 4 Players Defense
Defense Defense Time % Phy DF OF
1 Willie Mitchell Nate Guenin 60 2 3 0
2 Marc Methot Matt Gilroy 40 2 3 0
Penalty Kill - 3 Players Forward
Forward Time % Phy DF OF
1 Nathan Davis 60 1 4 0
2 Carl Klingberg 40 1 4 0
Penalty Kill - 3 Players Defense
Defense Defense Time % Phy DF OF
1 Willie Mitchell Nate Guenin 60 2 3 0
2 Marc Methot Matt Gilroy 40 2 3 0
4 vs 4 Forward
Center Wing Time % Phy DF OF
1 Mike Zigomanis Chris Neil 60 1 1 3
2 Milan Bartovic Dan Fritsche 40 1 1 3
4 vs 4 Defense
Defense Defense Time % Phy DF OF
1 Dmitry Kulikov Bruno Gervais 60 1 3 1
2 Marc Methot Matt Gilroy 40 1 3 1
Last Minutes Offensive
Center Left Wing Right Wing Defense Defense
Mike Zigomanis Chris Neil Milan Bartovic Bruno Gervais Dmitry Kulikov
Last Minutes Defensive
Center Left Wing Right Wing Defense Defense
Dan Fritsche Tim Crowder Jonathan Rheault Willie Mitchell Nate Guenin
Goaltenders
Starting : Jamie Storr
Backup : Loïc Lacasse
Extra Forwards
Normal : Chris Neil, Mike Zigomanis, Milan Bartovic - PP : Chris Neil, Mike Zigomanis - PK : Dan Fritsche
Extra Defensemen
Normal : Dmitry Kulikov, Nate Guenin, Willie Mitchell - PP : Dmitry Kulikov - PK : Willie Mitchell, Nate Guenin
Penalty Shots
Mike Zigomanis, Chris Neil, Milan Bartovic, Dan Fritsche, Nathan Davis
Patriotes
5 vs 5 Forward
Center Left Wing Right Wing Time % Phy DF OF
1 Zenon Konopka Tomas Kurka Andreas Nodl 40 1 2 2
2 Cory Emmerton Fedor Fedorov Andrew Gordon 30 1 2 2
3 Christian Hanson T.J Galiardi Lauri Tukonen 20 1 2 2
4 Patrice Cormier Liam Reddox Zack Stortini 10 1 2 2
5 vs 5 Defense
Defense Defense Time % Phy DF OF
1 A.J Thelen Ryan Wilson 40 1 2 2
2 Joe Charlebois Timothy Kunes 30 1 2 2
3 Sami Vatanen Nigel Williams 20 1 2 2
4 Mathieu Brodeur A.J Thelen 10 1 2 2
PowerPlay Forward
Center Left Wing Right Wing Time % Phy DF OF
1 Zenon Konopka Tomas Kurka Andreas Nodl 60 1 2 2
2 Cory Emmerton Fedor Fedorov Andrew Gordon 40 1 2 2
PowerPlay Defense
Defense Defense Time % Phy DF OF
1 A.J Thelen Ryan Wilson 60 1 2 2
2 Joe Charlebois Timothy Kunes 40 1 2 2
Penalty Kill 4 Players Forward
Center Wing Time % Phy DF OF
1 Tomas Kurka Andreas Nodl 60 1 2 2
2 Andrew Gordon Fedor Fedorov 40 1 2 2
Penalty Kill 4 Players Defense
Defense Defense Time % Phy DF OF
1 A.J Thelen Ryan Wilson 60 1 2 2
2 Joe Charlebois Timothy Kunes 40 1 2 2
Penalty Kill - 3 Players Forward
Forward Time % Phy DF OF
1 Tomas Kurka 60 1 2 2
2 Andreas Nodl 40 1 2 2
Penalty Kill - 3 Players Defense
Defense Defense Time % Phy DF OF
1 A.J Thelen Ryan Wilson 60 1 2 2
2 Joe Charlebois Timothy Kunes 40 1 2 2
4 vs 4 Forward
Center Wing Time % Phy DF OF
1 Tomas Kurka Andreas Nodl 60 1 2 2
2 Andrew Gordon Fedor Fedorov 40 1 2 2
4 vs 4 Defense
Defense Defense Time % Phy DF OF
1 A.J Thelen Ryan Wilson 60 1 2 2
2 Joe Charlebois Timothy Kunes 40 1 2 2
Last Minutes Offensive
Center Left Wing Right Wing Defense Defense
Zenon Konopka Tomas Kurka Andreas Nodl A.J Thelen Ryan Wilson
Last Minutes Defensive
Center Left Wing Right Wing Defense Defense
Zenon Konopka Tomas Kurka Andreas Nodl A.J Thelen Ryan Wilson
Goaltenders
Starting : Joey MacDonald
Backup : Jason Missiaen
Extra Forwards
Normal : T.J Galiardi, Christian Hanson, Lauri Tukonen - PP : T.J Galiardi, Christian Hanson - PK : Lauri Tukonen
Extra Defensemen
Normal : Sami Vatanen, Nigel Williams, Mathieu Brodeur - PP : Sami Vatanen - PK : Nigel Williams, Mathieu Brodeur
Penalty Shots
Tomas Kurka, Andreas Nodl, Andrew Gordon, Fedor Fedorov, Zenon Konopka
% Time on Ice - Wolves
Lines # - Real PCT - Wanted PCT - Time Play
Normal Forward
1 - 35% - 40% - 15:50
2 - 30% - 30% - 13:30
3 - 20% - 20% - 9:13
4 - 15% - 10% - 6:57
Normal Defense
1 - 42% - 40% - 19:14
2 - 31% - 30% - 14:18
3 - 24% - 20% - 10:47
4 - 3% - 10% - 1:11
PP Forward
1 - 56% - 60% - 2:14
2 - 44% - 40% - 1:44
PP Defense
1 - 53% - 60% - 2:06
2 - 47% - 40% - 1:52
PK Forward
1 - 70% - 60% - 6:54
2 - 30% - 40% - 3:01
PK Defense
1 - 60% - 60% - 5:58
2 - 40% - 40% - 3:57
PK3 Forward
1 - 0% - 60%
2 - 0% - 40%
PK3 Defense
1 - 0% - 60%
2 - 0% - 40%
44 Forward
1 - 0% - 60%
2 - 0% - 40%
44 Defense
1 - 0% - 60%
2 - 0% - 40%
Last Minute Offensive - 0:00
Last Minute Defensive - 0:37
Total
Forward - 60:00
Defense - 60:00
|
% Time on Ice - Patriotes
Lines # - Real PCT - Wanted PCT - Time Play
Normal Forward
1 - 32% - 40% - 14:23
2 - 29% - 30% - 13:07
3 - 16% - 20% - 7:30
4 - 23% - 10% - 10:29
Normal Defense
1 - 36% - 40% - 16:25
2 - 31% - 30% - 14:16
3 - 24% - 20% - 10:46
4 - 9% - 10% - 4:02
PP Forward
1 - 60% - 60% - 5:57
2 - 40% - 40% - 3:58
PP Defense
1 - 59% - 60% - 5:53
2 - 41% - 40% - 4:02
PK Forward
1 - 94% - 60% - 3:44
2 - 6% - 40% - 0:14
PK Defense
1 - 60% - 60% - 2:22
2 - 40% - 40% - 1:36
PK3 Forward
1 - 0% - 60%
2 - 0% - 40%
PK3 Defense
1 - 0% - 60%
2 - 0% - 40%
44 Forward
1 - 0% - 60%
2 - 0% - 40%
44 Defense
1 - 0% - 60%
2 - 0% - 40%
Last Minute Offensive - 0:38
Last Minute Defensive - 0:00
Total
Forward - 60:00
Defense - 60:00
|
Play by Play
1st period
0:01 of 1st period - Andreas Nodl wins face-off versus Mike Zigomanis in neutral zone.
0:14 of 1st period - Snap shot by Andreas Nodl.
0:14 of 1st period - Stopped by Jamie Storr with a rebound.
0:16 of 1st period - Snap shot by Andreas Nodl.
0:16 of 1st period - Stopped by Jamie Storr with a rebound.
0:56 of 1st period - Wrist shot by Nathan Davis.
0:56 of 1st period - Stopped by Joey MacDonald without a rebound.
0:57 of 1st period - Patrice Cormier wins face-off versus Kevin Veilleux in Patriotes zone.
1:48 of 1st period - Ryan Wilson is hit by Geoff Paukovich and loses puck.
2:03 of 1st period - Bruno Gervais is hit by Christian Hanson and loses puck.
2:14 of 1st period - Fedor Fedorov is hit by Tim Crowder and loses puck.
2:27 of 1st period - Wrist shot by Nathan Davis.
2:27 of 1st period - Stopped by Joey MacDonald with a rebound.
3:08 of 1st period - Tomas Kurka is hit by Chris Neil and loses puck.
3:09 of 1st period - Tomas Kurka from Patriotes is injured at 3:09 of 1st period (Right Knee).
3:10 of 1st period - Zenon Konopka wins face-off versus Mike Sislo in Patriotes zone.
3:37 of 1st period - Dmitry Kulikov is hit by Cory Emmerton and loses puck.
4:22 of 1st period - Wrist shot by Carl Klingberg.
4:22 of 1st period - Stopped by Joey MacDonald with a rebound.
4:37 of 1st period - Mike Zigomanis is hit by Zenon Konopka and loses puck.
5:46 of 1st period - Off-side.
5:47 of 1st period - Christian Hanson wins face-off versus Mike Sislo in neutral zone.
6:00 of 1st period - Wrist shot by T.J Galiardi.
6:00 of 1st period - Goal by T.J Galiardi - Wolves : 0 - Patriotes : 1.
6:01 of 1st period - Mike Sislo wins face-off versus Zenon Konopka in neutral zone.
6:33 of 1st period - Wrist shot by Cory Emmerton.
6:33 of 1st period - Deflect By Andrew Gordon.
6:33 of 1st period - Stopped by Jamie Storr without a rebound.
6:34 of 1st period - Cory Emmerton wins face-off versus Dan Fritsche in Wolves zone.
6:47 of 1st period - Slapshot by Cory Emmerton.
6:47 of 1st period - Stopped by Jamie Storr with a rebound.
7:09 of 1st period - Snap shot by Andreas Nodl.
7:09 of 1st period - Stopped by Jamie Storr without a rebound.
7:10 of 1st period - Nathan Davis wins face-off versus Zenon Konopka in Wolves zone.
7:15 of 1st period - A.J Thelen is hit by Matt Gilroy.
7:23 of 1st period - Snap shot by Andreas Nodl.
7:23 of 1st period - Deflect By Zenon Konopka.
7:23 of 1st period - Shot Misses the Net.
7:23 of 1st period - Puck is out of play.
7:24 of 1st period - Christian Hanson wins face-off versus Mike Zigomanis in Wolves zone.
7:31 of 1st period - Snap shot by T.J Galiardi.
7:31 of 1st period - Shot Misses the Net.
7:33 of 1st period - Wrist shot by Lauri Tukonen.
7:33 of 1st period - Shot Misses the Net.
7:35 of 1st period - Wrist shot by Lauri Tukonen.
7:35 of 1st period - Shot Blocked by Bruno Gervais.
8:07 of 1st period - Icing by Nathan Davis.
8:08 of 1st period - Cory Emmerton wins face-off versus Nathan Davis in Wolves zone.
9:00 of 1st period - Snap shot by Zack Stortini.
9:00 of 1st period - Stopped by Jamie Storr without a rebound.
9:01 of 1st period - Christian Hanson wins face-off versus Dan Fritsche in Wolves zone.
9:12 of 1st period - Slapshot by Christian Hanson.
9:12 of 1st period - Shot Misses the Net.
9:18 of 1st period - T.J Galiardi is hit by Milan Bartovic and loses puck.
9:36 of 1st period - Slapshot by Andreas Nodl.
9:36 of 1st period - Shot Misses the Net.
10:16 of 1st period - Slapshot by Nate Guenin.
10:16 of 1st period - Shot Misses the Net.
10:46 of 1st period - Wrist shot by Milan Bartovic.
10:46 of 1st period - Shot Misses the Net.
11:15 of 1st period - Andrew Gordon is hit by Bruno Gervais and loses puck.
11:22 of 1st period - Bruno Gervais is hit by Fedor Fedorov and loses puck.
12:09 of 1st period - Snap shot by T.J Galiardi.
12:09 of 1st period - Shot Misses the Net.
12:46 of 1st period - Minor Penalty to Cory Emmerton for High sticking.
12:47 of 1st period - Lauri Tukonen wins face-off versus Mike Zigomanis in Patriotes zone.
13:35 of 1st period - Nate Guenin is hit by Jordan Samuels-Thomas and loses puck.
14:46 of 1st period - Penalty to Cory Emmerton is over, Cory Emmerton is back on ice.
14:52 of 1st period - Liam Reddox is hit by Kevin Veilleux and loses puck.
15:11 of 1st period - Geoff Paukovich is hit by Andrew Gordon and loses puck.
15:44 of 1st period - Willie Mitchell is hit by Christian Hanson and loses puck.
15:51 of 1st period - Timothy Kunes is hit by Jonathan Rheault and loses puck.
16:01 of 1st period - Off-side.
16:02 of 1st period - Zenon Konopka wins face-off versus Tim Crowder in neutral zone.
16:11 of 1st period - Wrist shot by Andreas Nodl.
16:11 of 1st period - Shot Misses the Net.
16:43 of 1st period - Liam Reddox is hit by Matt Gilroy and loses puck.
17:04 of 1st period - Wrist shot by Lauri Tukonen.
17:04 of 1st period - Deflect By Christian Hanson.
17:04 of 1st period - Shot Hit the Post.
17:04 of 1st period - Puck is out of play.
17:05 of 1st period - Kevin Veilleux wins face-off versus Christian Hanson in Wolves zone.
17:18 of 1st period - Wrist shot by Nate Guenin.
17:18 of 1st period - Shot Misses the Net.
17:20 of 1st period - Backhand shot by Jonathan Rheault.
17:20 of 1st period - Stopped by Joey MacDonald with a rebound.
17:22 of 1st period - Wrist shot by Willie Mitchell.
17:22 of 1st period - Shot Misses the Net.
17:24 of 1st period - Slapshot by Nate Guenin.
17:24 of 1st period - Deflect By Carl Klingberg.
17:24 of 1st period - Stopped by Joey MacDonald with a rebound.
17:26 of 1st period - Slapshot by Willie Mitchell.
17:26 of 1st period - Stopped by Joey MacDonald without a rebound.
17:27 of 1st period - Mike Zigomanis wins face-off versus Zenon Konopka in Patriotes zone.
17:28 of 1st period - Slapshot by Chris Neil.
17:28 of 1st period - Stopped by Joey MacDonald without a rebound.
17:29 of 1st period - Andreas Nodl wins face-off versus Mike Zigomanis in Patriotes zone.
17:34 of 1st period - Snap shot by Zenon Konopka.
17:34 of 1st period - Shot Misses the Net.
17:38 of 1st period - Snap shot by Andreas Nodl.
17:38 of 1st period - Stopped by Jamie Storr with a rebound.
17:40 of 1st period - Wrist shot by Zenon Konopka.
17:40 of 1st period - Stopped by Jamie Storr with a rebound.
17:59 of 1st period - Wrist shot by Geoff Paukovich.
17:59 of 1st period - Stopped by Joey MacDonald without a rebound.
18:00 of 1st period - Dan Fritsche wins face-off versus Zenon Konopka in Patriotes zone.
18:03 of 1st period - Snap shot by Dan Fritsche.
18:03 of 1st period - Goal by Dan Fritsche - Wolves : 1 - Patriotes : 1.
18:04 of 1st period - Zenon Konopka wins face-off versus Mike Zigomanis in neutral zone.
18:07 of 1st period - Chris Neil is hit by T.J Galiardi and loses puck.
18:39 of 1st period - Off-side.
18:40 of 1st period - Cory Emmerton wins face-off versus Dan Fritsche in neutral zone.
18:55 of 1st period - Wrist shot by Cory Emmerton.
18:55 of 1st period - Stopped by Jamie Storr with a rebound.
19:01 of 1st period - Minor Penalty to Marc Methot for Elbowing.
19:02 of 1st period - Zenon Konopka wins face-off versus Kevin Veilleux in Wolves zone.
19:07 of 1st period - Snap shot by Zenon Konopka.
19:07 of 1st period - Shot Misses the Net.
19:27 of 1st period - Nathan Davis is hit by Ryan Wilson and loses puck.
19:52 of 1st period - Jonathan Rheault is hit by T.J Galiardi and loses puck.
Goals for this period are 1 for Wolves vs 1 for Patriotes.
Shots for this period are 9 for Wolves vs 10 for Patriotes.
2nd period
0:01 of 2nd period - Nathan Davis wins face-off versus Zenon Konopka in neutral zone.
0:26 of 2nd period - Ryan Wilson is hit by Kevin Veilleux and loses puck.
1:01 of 2nd period - Penalty to Marc Methot is over, Marc Methot is back on ice.
1:09 of 2nd period - Slapshot by Timothy Kunes.
1:09 of 2nd period - Deflect By Liam Reddox.
1:09 of 2nd period - Stopped by Jamie Storr without a rebound.
1:10 of 2nd period - Patrice Cormier wins face-off versus Mike Zigomanis in Wolves zone.
1:11 of 2nd period - Slapshot by Sami Vatanen.
1:11 of 2nd period - Shot Blocked by Chris Neil.
1:13 of 2nd period - Slapshot by Sami Vatanen.
1:13 of 2nd period - Shot Blocked by Dmitry Kulikov.
1:15 of 2nd period - Backhand shot by Zack Stortini.
1:15 of 2nd period - Shot Misses the Net.
1:17 of 2nd period - Snap shot by Zack Stortini.
1:17 of 2nd period - Shot Misses the Net.
1:19 of 2nd period - Slapshot by Sami Vatanen.
1:19 of 2nd period - Stopped by Jamie Storr without a rebound.
1:20 of 2nd period - Mike Zigomanis wins face-off versus Zenon Konopka in Wolves zone.
1:36 of 2nd period - Wrist shot by Mike Zigomanis.
1:36 of 2nd period - Stopped by Joey MacDonald with a rebound.
1:38 of 2nd period - Wrist shot by Mike Zigomanis.
1:38 of 2nd period - Deflect By Mike Sislo.
1:38 of 2nd period - Stopped by Joey MacDonald without a rebound.
1:39 of 2nd period - Dan Fritsche wins face-off versus Cory Emmerton in Patriotes zone.
1:40 of 2nd period - Wrist shot by Milan Bartovic.
1:40 of 2nd period - Stopped by Joey MacDonald without a rebound.
1:41 of 2nd period - Dan Fritsche wins face-off versus Cory Emmerton in Patriotes zone.
2:28 of 2nd period - Icing by Nathan Davis.
2:29 of 2nd period - Nathan Davis wins face-off versus Patrice Cormier in Wolves zone.
3:07 of 2nd period - Timothy Kunes is hit by Nathan Davis and loses puck.
3:10 of 2nd period - Minor Penalty to Marc Methot for Holding.
3:11 of 2nd period - Kevin Veilleux wins face-off versus Zenon Konopka in Wolves zone.
3:56 of 2nd period - Zenon Konopka is hit by Kevin Veilleux and loses puck.
4:23 of 2nd period - Joe Charlebois is hit by Dan Fritsche and loses puck.
5:04 of 2nd period - Nate Guenin is hit by Cory Emmerton and loses puck.
5:10 of 2nd period - Penalty to Marc Methot is over, Marc Methot is back on ice.
5:19 of 2nd period - Wrist shot by Mike Sislo.
5:19 of 2nd period - Stopped by Joey MacDonald with a rebound.
5:21 of 2nd period - Slapshot by Nate Guenin.
5:21 of 2nd period - Stopped by Joey MacDonald with a rebound.
5:23 of 2nd period - Wrist shot by Willie Mitchell.
5:23 of 2nd period - Stopped by Joey MacDonald without a rebound.
5:24 of 2nd period - Mike Zigomanis wins face-off versus Christian Hanson in Patriotes zone.
5:35 of 2nd period - Dmitry Kulikov is hit by Christian Hanson and loses puck.
5:50 of 2nd period - Backhand shot by Christian Hanson.
5:50 of 2nd period - Stopped by Jamie Storr without a rebound.
5:51 of 2nd period - Patrice Cormier wins face-off versus Dan Fritsche in Wolves zone.
5:51 of 2nd period - Timothy Kunes is hit by Matt Gilroy and loses puck.
5:58 of 2nd period - Wrist shot by Patrice Cormier.
5:58 of 2nd period - Shot Misses the Net.
6:00 of 2nd period - Slapshot by Patrice Cormier.
6:00 of 2nd period - Shot Blocked by Marc Methot.
6:02 of 2nd period - Snap shot by Liam Reddox.
6:02 of 2nd period - Stopped by Jamie Storr without a rebound.
6:03 of 2nd period - Mike Zigomanis wins face-off versus Zenon Konopka in Wolves zone.
6:28 of 2nd period - Geoff Paukovich is hit by Cory Emmerton and loses puck.
6:37 of 2nd period - Snap shot by Andrew Gordon.
6:37 of 2nd period - Shot Blocked by Matt Gilroy.
6:39 of 2nd period - Snap shot by Fedor Fedorov.
6:39 of 2nd period - Stopped by Jamie Storr with a rebound.
6:45 of 2nd period - Minor Penalty to Geoff Paukovich for High sticking.
6:46 of 2nd period - Nathan Davis wins face-off versus Zenon Konopka in Wolves zone.
6:57 of 2nd period - A.J Thelen is hit by Kevin Veilleux and loses puck.
8:14 of 2nd period - A.J Thelen is hit by Dan Fritsche and loses puck.
8:45 of 2nd period - Penalty to Geoff Paukovich is over, Geoff Paukovich is back on ice.
9:02 of 2nd period - Snap shot by Patrice Cormier.
9:02 of 2nd period - Stopped by Jamie Storr without a rebound.
9:03 of 2nd period - Mike Zigomanis wins face-off versus Patrice Cormier in Wolves zone.
9:28 of 2nd period - T.J Galiardi is hit by Geoff Paukovich.
9:55 of 2nd period - Tim Crowder is hit by Cory Emmerton and loses puck.
10:12 of 2nd period - Andreas Nodl is hit by Willie Mitchell.
10:15 of 2nd period - Off-side.
10:16 of 2nd period - Mike Zigomanis wins face-off versus T.J Galiardi in neutral zone.
10:18 of 2nd period - Matt Gilroy is hit by Joe Charlebois.
10:32 of 2nd period - Wrist shot by Mike Zigomanis.
10:32 of 2nd period - Shot Blocked by Zenon Konopka.
10:40 of 2nd period - Wrist shot by Zenon Konopka.
10:40 of 2nd period - Stopped by Jamie Storr without a rebound.
10:41 of 2nd period - Dan Fritsche wins face-off versus Cory Emmerton in Wolves zone.
10:49 of 2nd period - Off-side.
10:50 of 2nd period - Cory Emmerton wins face-off versus Dan Fritsche in neutral zone.
10:58 of 2nd period - A.J Thelen and Bruno Gervais fight to a draw.
10:58 of 2nd period - Penalty to A.J Thelen for Fighting.
10:58 of 2nd period - Penalty to Bruno Gervais for Fighting.
10:58 of 2nd period - Penalty to Bruno Gervais for instigated a fight.
10:58 of 2nd period - Penalty to Bruno Gervais for instigated a fight.
10:59 of 2nd period - Nathan Davis wins face-off versus Zenon Konopka in Wolves zone.
11:43 of 2nd period - Matt Gilroy is hit by Cory Emmerton and loses puck.
11:58 of 2nd period - T.J Galiardi is hit by Marc Methot and loses puck.
12:55 of 2nd period - Nathan Davis is hit by T.J Galiardi and loses puck.
12:58 of 2nd period - Penalty to Bruno Gervais is over, Dan Fritsche is send on ice.
13:28 of 2nd period - Dan Fritsche is hit by T.J Galiardi and loses puck.
13:56 of 2nd period - Icing by Mike Zigomanis.
13:57 of 2nd period - Patrice Cormier wins face-off versus Kevin Veilleux in Wolves zone.
14:20 of 2nd period - T.J Galiardi is hit by Mike Sislo and loses puck.
14:48 of 2nd period - Ryan Wilson is hit by Dmitry Kulikov and loses puck.
15:07 of 2nd period - Snap shot by Cory Emmerton.
15:07 of 2nd period - Stopped by Jamie Storr with a rebound.
15:28 of 2nd period - Snap shot by Patrice Cormier.
15:28 of 2nd period - Stopped by Jamie Storr without a rebound.
15:29 of 2nd period - Mike Zigomanis wins face-off versus Patrice Cormier in Wolves zone.
15:38 of 2nd period - Wrist shot by Chris Neil.
15:38 of 2nd period - Shot Hit the Post.
15:43 of 2nd period - Ryan Wilson is hit by Willie Mitchell and loses puck.
15:50 of 2nd period - Slapshot by Ryan Wilson.
15:50 of 2nd period - Shot Blocked by Chris Neil.
15:52 of 2nd period - Snap shot by Patrice Cormier.
15:52 of 2nd period - Stopped by Jamie Storr with a rebound.
16:00 of 2nd period - Slapshot by Liam Reddox.
16:00 of 2nd period - Shot Misses the Net.
16:02 of 2nd period - Snap shot by Patrice Cormier.
16:02 of 2nd period - Shot Blocked by Mike Sislo.
16:04 of 2nd period - Slapshot by Joe Charlebois.
16:04 of 2nd period - Shot Misses the Net.
16:06 of 2nd period - Slapshot by Joe Charlebois.
16:06 of 2nd period - Shot Blocked by Nate Guenin.
16:08 of 2nd period - Slapshot by Timothy Kunes.
16:08 of 2nd period - Deflect By Zack Stortini.
16:08 of 2nd period - Shot Misses the Net.
16:08 of 2nd period - Puck is out of play.
16:09 of 2nd period - Zenon Konopka wins face-off versus Dan Fritsche in Wolves zone.
16:10 of 2nd period - Snap shot by Andreas Nodl.
16:10 of 2nd period - Stopped by Jamie Storr with a rebound.
16:12 of 2nd period - Slapshot by Ryan Wilson.
16:12 of 2nd period - Deflect By T.J Galiardi.
16:12 of 2nd period - Stopped by Jamie Storr without a rebound.
16:13 of 2nd period - Zenon Konopka wins face-off versus Dan Fritsche in Wolves zone.
17:00 of 2nd period - Slapshot by Matt Gilroy.
17:00 of 2nd period - Deflect By Chris Neil.
17:00 of 2nd period - Shot Misses the Net.
17:00 of 2nd period - Puck is out of play.
17:01 of 2nd period - Patrice Cormier wins face-off versus Mike Zigomanis in Patriotes zone.
17:16 of 2nd period - Snap shot by Mike Zigomanis.
17:16 of 2nd period - Stopped by Joey MacDonald with a rebound.
18:13 of 2nd period - Snap shot by Kevin Veilleux.
18:13 of 2nd period - Stopped by Joey MacDonald with a rebound.
18:15 of 2nd period - Slapshot by Nate Guenin.
18:15 of 2nd period - Shot Hit the Post.
18:19 of 2nd period - Wrist shot by Kevin Veilleux.
18:19 of 2nd period - Shot Misses the Net.
19:18 of 2nd period - Slapshot by Dmitry Kulikov.
19:18 of 2nd period - Stopped by Joey MacDonald with a rebound.
19:20 of 2nd period - Slapshot by Geoff Paukovich.
19:20 of 2nd period - Shot Misses the Net.
19:22 of 2nd period - Slapshot by Dmitry Kulikov.
19:22 of 2nd period - Stopped by Joey MacDonald without a rebound.
19:23 of 2nd period - Patrice Cormier wins face-off versus Mike Zigomanis in Patriotes zone.
19:28 of 2nd period - Joe Charlebois is hit by Mike Zigomanis.
19:55 of 2nd period - Nathan Davis is hit by Sami Vatanen and loses puck.
Goals for this period are 0 for Wolves vs 0 for Patriotes.
Shots for this period are 10 for Wolves vs 12 for Patriotes.
3rd period
0:01 of 3rd period - Mike Zigomanis wins face-off versus Zenon Konopka in neutral zone.
0:12 of 3rd period - Wrist shot by Mike Zigomanis.
0:12 of 3rd period - Shot Misses the Net.
0:14 of 3rd period - Wrist shot by Mike Sislo.
0:14 of 3rd period - Shot Misses the Net.
0:16 of 3rd period - Snap shot by Chris Neil.
0:16 of 3rd period - Deflect By Mike Sislo.
0:16 of 3rd period - Stopped by Joey MacDonald without a rebound.
0:17 of 3rd period - Geoff Paukovich wins face-off versus Cory Emmerton in Patriotes zone.
0:26 of 3rd period - Wrist shot by Milan Bartovic.
0:26 of 3rd period - Stopped by Joey MacDonald with a rebound.
0:31 of 3rd period - Off-side.
0:32 of 3rd period - Zenon Konopka wins face-off versus Mike Zigomanis in neutral zone.
0:40 of 3rd period - Minor Penalty to Marc Methot for Tripping.
0:41 of 3rd period - Nathan Davis wins face-off versus Zenon Konopka in Wolves zone.
0:58 of 3rd period - 10 Minutes Game Misconduct Penalty to Bruno Gervais is over.
2:40 of 3rd period - Penalty to Marc Methot is over, Marc Methot is back on ice.
2:58 of 3rd period - Wrist shot by Mike Zigomanis.
2:58 of 3rd period - Shot Misses the Net.
3:00 of 3rd period - Wrist shot by Chris Neil.
3:00 of 3rd period - Stopped by Joey MacDonald with a rebound.
3:02 of 3rd period - Slapshot by Matt Gilroy.
3:02 of 3rd period - Stopped by Joey MacDonald with a rebound.
3:18 of 3rd period - Snap shot by T.J Galiardi.
3:18 of 3rd period - Goal by T.J Galiardi - Wolves : 1 - Patriotes : 2.
3:19 of 3rd period - Mike Zigomanis wins face-off versus Zenon Konopka in neutral zone.
3:22 of 3rd period - Slapshot by Nate Guenin.
3:22 of 3rd period - Stopped by Joey MacDonald without a rebound.
3:23 of 3rd period - Zenon Konopka wins face-off versus Mike Zigomanis in Patriotes zone.
3:25 of 3rd period - Andreas Nodl is hit by Mike Sislo and loses puck.
3:30 of 3rd period - Snap shot by Mike Zigomanis.
3:30 of 3rd period - Shot Misses the Net.
3:32 of 3rd period - Snap shot by Chris Neil.
3:32 of 3rd period - Wolves goal is going for a video replay.
3:32 of 3rd period - The goal is good.
3:32 of 3rd period - Goal by Chris Neil - Wolves : 2 - Patriotes : 2.
3:33 of 3rd period - Zenon Konopka wins face-off versus Mike Zigomanis in neutral zone.
3:35 of 3rd period - Ryan Wilson is hit by Bruno Gervais and loses puck.
3:58 of 3rd period - Dmitry Kulikov is hit by A.J Thelen and loses puck.
4:05 of 3rd period - Snap shot by Fedor Fedorov.
4:05 of 3rd period - Stopped by Jamie Storr with a rebound.
5:03 of 3rd period - Mike Zigomanis is hit by A.J Thelen and loses puck.
5:30 of 3rd period - Matt Gilroy is hit by Timothy Kunes.
5:36 of 3rd period - Andrew Gordon is hit by Geoff Paukovich.
5:54 of 3rd period - Slapshot by Milan Bartovic.
5:54 of 3rd period - Goal by Milan Bartovic - Wolves : 3 - Patriotes : 2.
5:55 of 3rd period - Mike Zigomanis wins face-off versus Zenon Konopka in neutral zone.
6:21 of 3rd period - Bruno Gervais is hit by Zack Stortini and loses puck.
6:28 of 3rd period - Snap shot by Patrice Cormier.
6:28 of 3rd period - Shot Blocked by Dmitry Kulikov.
6:30 of 3rd period - Wrist shot by Liam Reddox.
6:30 of 3rd period - Shot Blocked by Dmitry Kulikov.
6:32 of 3rd period - Snap shot by Liam Reddox.
6:32 of 3rd period - Shot Misses the Net.
6:46 of 3rd period - Dan Fritsche is hit by Joe Charlebois and loses puck.
7:30 of 3rd period - Mike Sislo is hit by Nigel Williams and loses puck.
8:34 of 3rd period - Snap shot by Jonathan Rheault.
8:34 of 3rd period - Stopped by Joey MacDonald with a rebound.
8:36 of 3rd period - Slapshot by Carl Klingberg.
8:36 of 3rd period - Shot Blocked by Joe Charlebois.
8:38 of 3rd period - Snap shot by Carl Klingberg.
8:38 of 3rd period - Shot Misses the Net.
8:44 of 3rd period - Minor Penalty to Joe Charlebois for Hooking.
8:45 of 3rd period - Lauri Tukonen wins face-off versus Mike Zigomanis in Patriotes zone.
9:04 of 3rd period - A.J Thelen is hit by Nathan Davis and loses puck.
9:19 of 3rd period - Snap shot by Mike Sislo.
9:19 of 3rd period - Shot Misses the Net.
9:38 of 3rd period - Timothy Kunes is hit by Dan Fritsche and loses puck.
10:39 of 3rd period - Mathieu Brodeur is hit by Milan Bartovic and loses puck.
10:44 of 3rd period - Penalty to Joe Charlebois is over, Joe Charlebois is back on ice.
13:05 of 3rd period - Matt Gilroy is hit by A.J Thelen and loses puck.
13:18 of 3rd period - Matt Gilroy is hit by Andrew Gordon and loses puck.
13:47 of 3rd period - Nathan Davis is hit by Timothy Kunes and loses puck.
14:44 of 3rd period - Mike Sislo is hit by T.J Galiardi and loses puck.
15:29 of 3rd period - Wrist shot by Nathan Davis.
15:29 of 3rd period - Stopped by Joey MacDonald with a rebound.
16:04 of 3rd period - Andreas Nodl is hit by Mike Zigomanis and loses puck.
16:50 of 3rd period - A.J Thelen is hit by Chris Terry and loses puck.
17:13 of 3rd period - Lauri Tukonen is hit by Carl Klingberg and loses puck.
18:11 of 3rd period - Wrist shot by Nathan Davis.
18:11 of 3rd period - Stopped by Joey MacDonald with a rebound.
18:59 of 3rd period - Mathieu Brodeur is hit by Jonathan Rheault and loses puck.
19:04 of 3rd period - Snap shot by Dan Fritsche.
19:04 of 3rd period - Shot Blocked by A.J Thelen.
19:22 of 3rd period - Snap shot by Dan Fritsche.
19:22 of 3rd period - Stopped by Joey MacDonald with a rebound.
19:24 of 3rd period - Wrist shot by Jonathan Rheault.
19:24 of 3rd period - Shot Misses the Net.
19:26 of 3rd period - Wrist shot by Dan Fritsche.
19:26 of 3rd period - Goal by Dan Fritsche - Wolves : 4 - Patriotes : 2.
19:27 of 3rd period - Cory Emmerton wins face-off versus Dan Fritsche in neutral zone.
19:38 of 3rd period - Backhand shot by Timothy Kunes.
19:38 of 3rd period - Deflect By Dmitry Kulikov.
19:38 of 3rd period - Stopped by Jamie Storr with a rebound.
19:40 of 3rd period - Slapshot by Timothy Kunes.
19:40 of 3rd period - Deflect By T.J Galiardi.
19:40 of 3rd period - Stopped by Jamie Storr without a rebound.
19:41 of 3rd period - Nathan Davis wins face-off versus T.J Galiardi in Wolves zone.
Goals for this period are 3 for Wolves vs 1 for Patriotes.
Shots for this period are 12 for Wolves vs 4 for Patriotes.
Output by the SimonT Hockey Simulator (STHS) for François Prévost -- Original Page W3C XHTML 1.0 Valid